[Event "Titled Tuesday Blitz April 19 Early 2022"]
[White "Shuvalov, Evgenij"]
[Black "Niyazgulova, Marina"]
[WhiteFideId "4187237"]
[BlackFideId "24142573"]
[WhiteElo "2130"]
[BlackElo "2046"]
[Result "0-1"]
[Round "06"]
[TimeControl "180+1"]
[Date "2022.04.19"]
[WhiteClock "0:00:14"]
[BlackClock "0:00:12"]

1. b4 d5 2. Bb2 Nf6 3. e3 c6 4. c4 Bf5 5. a3 e6 6. Nf3 Bd6 7. d3 O-O 8. Nbd2 c5 9. bxc5 Bxc5 10. Be2 Nc6 11. Bxf6 Qxf6 12. d4 Be7 13. O-O Rac8 14. Qa4 Rfd8 15. Rfc1 h6 16. h3 a6 17. cxd5 exd5 18. Nb3 b5 19. Qxa6 Nxd4 20. Qxf6 Nxe2+ 21. Kf1 Bxf6 22. Kxe2 Bxa1 23. Rxa1 Rc2+ 24. Ke1 Bd3 25. Nfd4 Rb2 26. Nc1 Bc4 27. a4 bxa4 28. Rxa4 Rb1 29. Kd2 Rdb8 30. Nd3 Bxd3 31. Kxd3 R8b2 32. Nc6 Rd1+ 33. Kc3 Rxf2 34. Ra8+ Kh7 35. Ra7 Kg6 36. Ne5+ Kh7 37. Nxf7 Rxg2 38. Ra8 Re1 39. Kd4 Rd2+ 40. Kc5 Rxe3 41. Rh8+ Kg6 42. Nd6 Rc3+ 43. Kb6 Rb2+ 44. Nb5 Rcb3 45. Kc5 Rxb5+ 46. Kd6 Rb6+ 47. Ke5 d4 48. Kxd4 R2b5 49. Kc4 Rb1 50. Kc5 R6b2 51. Re8 Rd2 52. Re6+ Kf7 53. Re4 Rc1+ 54. Kb4 Rb2+ 55. Ka3 Rb7 56. Rf4+ Kg6 57. Rg4+ Kh7 58. Rb4 Rxb4 59. Kxb4 Rh1 0-1


[Site "https://www.chess.com"]

[Event "Titled Tuesday Blitz April 19 Early 2022"]
[White "Simonovic, Miroslav"]
[Black "Balint, Vilmos"]
[WhiteFideId "919152"]
[BlackFideId "718050"]
[WhiteElo "2043"]
[BlackElo "2059"]
[Result "0-1"]
[Round "06"]
[TimeControl "180+1"]
[Date "2022.04.19"]
[WhiteClock "0:00:01"]
[BlackClock "0:00:17"]

1. d4 Nf6 2. Bg5 e6 3. e4 Be7 4. Bxf6 Bxf6 5. e5 Be7 6. Qg4 d6 7. Qxg7 Rf8 8. Nd2 dxe5 9. dxe5 Nc6 10. O-O-O Qd5 11. f4 Qxa2 12. Bc4 Qa4 13. Ne2 Nb4 14. Bb3 Qa1+ 15. Nb1 Bd7 16. Rxd7 Kxd7 17. Rd1+ Ke8 18. f5 Rd8 19. Rxd8+ Kxd8 20. f6 Bc5 21. Nc3 Qa6 22. Qxh7 Qf1+ 23. Kd2 Qxg2+ 24. Ne2 Qg5+ 25. Ke1 Qxe5 26. Qh4 Nd5 27. Nc3 Ne3 28. Kd2 Qd6+ 29. Kc1 Rg8 30. Qf2 Nxc2 31. Kxc2 Bxf2 32. Ne4 Qc6+ 33. N2c3 Bd4 34. Kd3 Bxc3 35. Nxc3 Rg2 36. Bd1 Qd6+ 0-1


[Site "https://www.chess.com"]

[Event "Titled Tuesday Blitz April 19 Early 2022"]
[White "Sjoberg, Isak"]
[Black "Kozak, Antoni"]
[WhiteFideId "1521640"]
[BlackFideId "21832030"]
[WhiteElo "2016"]
[BlackElo "2236"]
[Result "0-1"]
[Round "06"]
[TimeControl "180+1"]
[Date "2022.04.19"]
[WhiteClock "0:00:17"]
[BlackClock "0:00:06"]

1. e4 c5 2. Nf3 d6 3. d4 cxd4 4. Qxd4 Nf6 5. Nc3 Bd7 6. Bg5 Nc6 7. Qd2 e6 8. O-O-O a6 9. h4 h6 10. Bf4 Ng4 11. Nh2 Nge5 12. Bg3 b5 13. f4 Nc4 14. Bxc4 bxc4 15. f5 e5 16. Ng4 Be7 17. Nd5 Nd4 18. Bf2 h5 19. Bxd4 exd4 20. f6 gxf6 21. Nf2 c3 22. Qxd4 cxb2+ 23. Kb1 Be6 24. Nd3 Rg8 25. N3b4 Rc8 26. Rd2 a5 27. Nd3 Rg4 28. N3f4 Rc5 29. Rf1 Rxh4 30. Qxb2 Qd7 31. Ka1 Kd8 32. Nxf6 Qb5 33. N6d5 Qxf1+ 34. Qb1 Qxb1+ 35. Kxb1 Bxd5 36. Nxd5 Rxe4 37. Kb2 Re5 38. Nf4 Bf6 39. c3 Rf5 40. Ne2 Rf2 41. Kc2 Bg5 42. Rxd6+ Ke7 0-1


[Site "https://www.chess.com"]

[Event "Titled Tuesday Blitz April 19 Early 2022"]
[White "Sjugirov, Sanan"]
[Black "Abdrlauf, Elham"]
[WhiteFideId "4189302"]
[BlackFideId "1533533"]
[WhiteElo "2602"]
[BlackElo "2334"]
[Result "1-0"]
[Round "06"]
[TimeControl "180+1"]
[Date "2022.04.19"]
[WhiteClock "0:00:13"]
[BlackClock "0:00:56"]

1. d4 Nf6 2. Nf3 d5 3. Bf4 c5 4. e3 Nc6 5. Nbd2 Bf5 6. c3 e6 7. Bb5 Qb6 8. c4 Be7 9. dxc5 Bxc5 10. a3 O-O 11. b4 Be7 12. O-O a5 13. Bxc6 bxc6 14. c5 Qb7 15. Qb3 Ne4 16. Nxe4 dxe4 17. Nd4 Bxc5 18. bxc5 Qc8 19. Nxf5 exf5 20. Rfd1 h6 21. Rd4 Ra7 22. Rb1 Rd7 23. Rxd7 Qxd7 24. Rd1 Qc8 25. h3 Qa6 26. Qc2 a4 27. Rd4 Qa5 28. Rb4 Re8 29. Bd6 Re6 30. Qxa4 Qd8 31. Rb8 Rxd6 32. Rxd8+ Rxd8 33. Qxc6 Rd1+ 34. Kh2 Rd6 35. Qxd6 1-0


[Site "https://www.chess.com"]

[Event "Titled Tuesday Blitz April 19 Early 2022"]
[White "Skliarov, Viktor"]
[Black "Gatterer, Florian"]
[WhiteFideId "14106736"]
[BlackFideId "811688"]
[WhiteElo "2229"]
[BlackElo "2218"]
[Result "1-0"]
[Round "06"]
[TimeControl "180+1"]
[Date "2022.04.19"]
[WhiteClock "0:01:23"]
[BlackClock "0:00:11"]

1. e4 e5 2. Nc3 Nf6 3. Bc4 Nc6 4. d3 Bb4 5. Bg5 h6 6. Bxf6 Qxf6 7. Ne2 d6 8. O-O Bxc3 9. bxc3 O-O 10. f4 exf4 11. Nxf4 Qg5 12. Nd5 Ne5 13. Bb3 Bg4 14. Qc1 Nf3+ 15. gxf3 Bh3+ 16. Qxg5 hxg5 17. Rfe1 1-0


[Site "https://www.chess.com"]

[Event "Titled Tuesday Blitz April 19 Early 2022"]
[White "Sliwicki, Damian"]
[Black "Tologon tegin, Semetei"]
[WhiteFideId "1127128"]
[BlackFideId "13800574"]
[WhiteElo "2084"]
[BlackElo "2258"]
[Result "0-1"]
[Round "06"]
[TimeControl "180+1"]
[Date "2022.04.19"]
[WhiteClock "0:00:03"]
[BlackClock "0:00:19"]

1. e4 e5 2. Nf3 Nc6 3. d4 exd4 4. Bc4 Nf6 5. O-O d6 6. Nxd4 Be7 7. Nc3 O-O 8. Nxc6 bxc6 9. Bb3 Be6 10. h3 Qd7 11. Bg5 h6 12. Bh4 Rfe8 13. Qf3 Nh7 14. Bxe7 Qxe7 15. Rfe1 Qh4 16. Ne2 Ng5 17. Qf4 Qxf4 18. Nxf4 Bxb3 19. axb3 Rxe4 20. Nd3 c5 21. f3 Rxe1+ 22. Rxe1 Kf8 23. Nf4 a5 24. Nd5 c6 25. Nb6 Ra7 26. Nc8 Rd7 27. Ra1 Rd8 28. Nb6 Ne6 29. Rxa5 d5 30. Kf2 Ke7 31. Ra7+ Kf6 32. Nd7+ Kf5 33. Ke3 d4+ 34. Kd2 f6 35. Nb6 g5 36. Na4 h5 37. Ra5 Rd5 38. Nb6 Rd8 39. b4 h4 40. Ke1 d3 41. cxd3 Rxd3 42. bxc5 Nf4 43. b4 Nxg2+ 44. Kf2 Rd2+ 45. Kg1 Kf4 46. Nc4 Rc2 47. Na3 Ra2 48. Nc4 Rc2 49. Na3 Rb2 50. Nc4 Re2 51. Kf1 Rc2 52. Na3 Ne3+ 53. Ke1 Rb2 54. b5 Kxf3 55. Nc2 Rxc2 0-1


[Site "https://www.chess.com"]

[Event "Titled Tuesday Blitz April 19 Early 2022"]
[White "Smietanska, Wiktoria"]
[Black "Valle Maytin, Luis Enrique"]
[WhiteFideId "21869359"]
[BlackFideId "3503666"]
[WhiteElo "1893"]
[BlackElo "2306"]
[Result "1-0"]
[Round "06"]
[TimeControl "180+1"]
[Date "2022.04.19"]
[WhiteClock "0:01:50"]
[BlackClock "0:01:24"]

1. c4 c5 2. Nf3 Nc6 3. Nc3 g6 4. e3 Bg7 5. d4 cxd4 6. exd4 d6 7. d5 Ne5 8. Nd4 Nf6 9. Be2 O-O 10. f4 Ned7 11. O-O a5 12. f5 Nc5 13. Be3 Nfd7 14. Qd2 Ne5 15. a3 a4 16. Bh6 Bd7 17. Bxg7 Kxg7 18. Qg5 Qb6 19. f6+ exf6 20. Qxf6+ Kg8 21. Kh1 Bg4 22. Bxg4 Nxg4 23. Qf4 Ne5 24. Qh6 Ncd3 25. Ne4 Nd7 26. Ng5 Nf6 27. Rxf6 Qxd4 28. Qxh7# 1-0


[Site "https://www.chess.com"]

[Event "Titled Tuesday Blitz April 19 Early 2022"]
[White "Soucek, Petr"]
[Black "Urbina Perez, Juan Antonio"]
[WhiteFideId "23715170"]
[BlackFideId "2217368"]
[WhiteElo "1979"]
[BlackElo "2192"]
[Result "1-0"]
[Round "06"]
[TimeControl "180+1"]
[Date "2022.04.19"]
[WhiteClock "0:00:21"]
[BlackClock "0:01:49"]

1. e4 d5 2. exd5 Qxd5 3. Nc3 Qd8 4. Bc4 Nf6 5. d3 a6 6. Bd2 b5 7. Bb3 Bb7 8. Nf3 e6 9. Qe2 c5 10. a4 b4 11. Ne4 Nxe4 12. dxe4 Nc6 13. Be3 a5 14. Rd1 Qc7 15. Bc4 Be7 16. O-O O-O 17. Rd2 Rfd8 18. Rfd1 Ne5 19. Bb5 Nxf3+ 20. Qxf3 Rxd2 21. Rxd2 Rd8 22. Rxd8+ Qxd8 23. b3 f5 24. Bc4 Qd7 25. Qh5 Bxe4 26. Bxe6+ Qxe6 27. Qe8+ 1-0


[Site "https://www.chess.com"]

[Event "Titled Tuesday Blitz April 19 Early 2022"]
[White "Stefanov, Plamen"]
[Black "Petrovic, Aleksa"]
[WhiteFideId "2900980"]
[BlackFideId "967629"]
[WhiteElo "2137"]
[BlackElo "2198"]
[Result "0-1"]
[Round "06"]
[TimeControl "180+1"]
[Date "2022.04.19"]
[WhiteClock "0:00:03"]
[BlackClock "0:00:04"]

1. e4 e6 2. d4 d5 3. Nc3 Bb4 4. e5 c5 5. Nf3 Ne7 6. Bb5+ Bd7 7. Bxd7+ Nxd7 8. O-O Nc6 9. Nb5 cxd4 10. a3 Be7 11. Nbxd4 Qc7 12. Nxc6 bxc6 13. Re1 h6 14. c3 g5 15. h3 Rg8 16. Qe2 a5 17. Nd4 a4 18. g4 Qb7 19. Kg2 Ra5 20. Qc2 c5 21. Nf3 Nf8 22. h4 gxh4 23. Bxh6 Rxg4+ 24. Kh3 Rg6 25. Bf4 d4 26. Qe4 Qxe4 27. Rxe4 dxc3 28. bxc3 Kd7 29. Nxh4 Rg8 30. Bg3 Bxh4 31. Rxh4 Kc6 32. Rd1 Ng6 33. Rh7 Ra7 34. Rd6+ Kb5 35. Rxe6 fxe6 36. Rxa7 Rd8 37. Rg7 Nf8 38. Rb7+ Kc4 39. Ra7 Kb3 40. Bh4 Rd7 41. Ra5 Kxa3 42. Rxc5 Kb2 43. Rc8 a3 44. Rxf8 a2 45. Ra8 a1=Q 46. Rxa1 Kxa1 47. Bf6 Kb2 48. Kg4 Kxc3 49. f4 Rd1 50. f5 Rg1+ 51. Kh5 exf5 52. e6+ Kd3 53. e7 Rg8 54. Bg7 Re8 55. Bf8 f4 56. Kg4 Ke4 57. Kh3 f3 58. Kg3 Ke3 59. Kh2 f2 60. Kg2 Ke2 61. Kg3 f1=Q 62. Kg4 Qf3+ 63. Kg5 Rxf8 64. Kg6 Qf5+ 65. Kg7 Qf6+ 66. Kh7 Rh8# 0-1


[Site "https://www.chess.com"]

[Event "Titled Tuesday Blitz April 19 Early 2022"]
[White "Stelmaszyk, Nico"]
[Black "Terzi, Alexei"]
[WhiteFideId "16200462"]
[BlackFideId "13505076"]
[WhiteElo "2119"]
[BlackElo "2031"]
[Result "0-1"]
[Round "06"]
[TimeControl "180+1"]
[Date "2022.04.19"]
[WhiteClock "0:01:09"]
[BlackClock "0:01:12"]

1. e4 e6 2. Nf3 d5 3. Nc3 Nf6 4. e5 Nfd7 5. d4 c5 6. dxc5 Bxc5 7. Bf4 Nc6 8. Bd3 a6 9. O-O h6 10. Bg3 b5 11. a3 Bb7 12. Re1 Qb6 13. b4 Be7 14. Nd2 Rc8 15. Nb3 Nxb4 16. axb4 Rxc3 17. Qg4 g6 18. Bf4 h5 19. Qg3 Bxb4 20. Bd2 Rxb3 21. Be3 d4 0-1


[Site "https://www.chess.com"]

[Event "Titled Tuesday Blitz April 19 Early 2022"]
[White "Sukandar, Irine Kharisma"]
[Black "Tan, Jun Ying"]
[WhiteFideId "7101937"]
[BlackFideId "5710413"]
[WhiteElo "2293"]
[BlackElo "1827"]
[Result "0-1"]
[Round "06"]
[TimeControl "180+1"]
[Date "2022.04.19"]
[WhiteClock "0:00:21"]
[BlackClock "0:01:19"]

1. d4 Nf6 2. Bf4 c5 3. e3 Nd5 4. Bg3 Qb6 5. b3 cxd4 6. exd4 g6 7. Bc4 Nf6 8. Nf3 d5 9. Bd3 Bg7 10. h3 O-O 11. O-O Nc6 12. c3 Ne4 13. Re1 Nxg3 14. fxg3 e5 15. Nbd2 e4 16. Nxe4 dxe4 17. Bxe4 Bd7 18. Kh2 Rad8 19. b4 Be6 20. a4 Bd5 21. a5 Qc7 22. Bd3 Rfe8 23. Rf1 Bf8 24. Ng5 h6 25. Nf3 Bd6 26. Kh1 Bxg3 27. b5 Nxa5 28. c4 Nxc4 29. Rc1 Ne3 30. Qa4 Qd6 31. Rg1 Nxg2 0-1


[Site "https://www.chess.com"]

[Event "Titled Tuesday Blitz April 19 Early 2022"]
[White "Svane, Rasmus"]
[Black "Rustemov, Alexander"]
[WhiteFideId "4657101"]
[BlackFideId "4119002"]
[WhiteElo "2645"]
[BlackElo "2778"]
[Result "1-0"]
[Round "06"]
[TimeControl "180+1"]
[Date "2022.04.19"]
[WhiteClock "0:00:07"]
[BlackClock "0:00:01"]

1. Nf3 d5 2. g3 c6 3. Bg2 Bf5 4. O-O e6 5. c4 dxc4 6. Nh4 Bxb1 7. Rxb1 Nd7 8. Nf3 Ngf6 9. b3 cxb3 10. Qxb3 Qb6 11. Qc2 Qc7 12. d4 Nb6 13. e4 Be7 14. Bf4 Qc8 15. a4 O-O 16. Ne5 Nbd7 17. Nc4 b6 18. Rfc1 Qb7 19. Bd6 Rfe8 20. Bxe7 Rxe7 21. Na5 Qa6 22. Nxc6 Ree8 23. e5 Nd5 24. Bxd5 exd5 25. Nb4 Qb7 26. Qc6 Qxc6 27. Rxc6 Nf8 28. Rd6 Ne6 29. Rxd5 Red8 30. Rxd8+ Rxd8 31. Nc6 Rd7 32. d5 Nc5 33. a5 g6 34. axb6 axb6 35. Rxb6 Kg7 36. d6 Ne6 37. f4 f6 38. Kf2 Kf7 39. Ke3 h5 40. Nd4 Ra7 41. Rb3 fxe5 42. fxe5 g5 43. Rc3 Ng7 44. Ke4 Ne6 45. Rf3+ 1-0


[Site "https://www.chess.com"]

[Event "Titled Tuesday Blitz April 19 Early 2022"]
[White "Tanenbaum, Zachary"]
[Black "Xu, Yi"]
[WhiteFideId "2060850"]
[BlackFideId "8605564"]
[WhiteElo "2168"]
[BlackElo "2471"]
[Result "0-1"]
[Round "06"]
[TimeControl "180+1"]
[Date "2022.04.19"]
[WhiteClock "0:00:07"]
[BlackClock "0:00:07"]

1. e4 c5 2. Nf3 d6 3. d4 cxd4 4. Nxd4 Nf6 5. Nc3 a6 6. Be3 e5 7. Nb3 Be7 8. h3 Nc6 9. f4 exf4 10. Bxf4 Be6 11. Qe2 O-O 12. O-O-O Qc7 13. Kb1 Ne5 14. g4 Nfd7 15. g5 b5 16. Nd5 Bxd5 17. exd5 Rfe8 18. h4 Bf8 19. Qg2 Nc4 20. Nd4 Nde5 21. h5 b4 22. Bxc4 Qxc4 23. Bxe5 dxe5 24. Nc6 Bd6 25. g6 fxg6 26. hxg6 h6 27. Rdf1 Rf8 28. Qh3 Qxd5 29. Rd1 Qxc6 30. Qe6+ Kh8 31. Rxh6+ gxh6 32. g7+ Kh7 33. gxf8=Q Rxf8 34. Rg1 Qg2 35. Rd1 Qg6 36. Qd7+ Rf7 37. Qe8 Bf8 38. Qxe5 Bg7 39. Qc5 Qe4 40. Qb6 Rb7 41. Qxa6 Qe5 42. Qd3+ Kh8 43. Qd8+ Kh7 44. Qd3+ Kg8 45. Qc4+ Rf7 46. Rd8+ Kh7 47. Qd3+ Rf5 48. Rd4 Qxd4 49. Qxf5+ Kg8 50. Qe6+ Kf8 51. Qc8+ Kf7 52. Qb7+ Kg6 53. Qg2+ Kh7 54. Kc1 Qxb2+ 55. Kd1 Qd4+ 56. Kc1 h5 57. Qh3 Bh6+ 58. Kb1 Qd1+ 59. Kb2 Qd4+ 60. Kb3 Qc3+ 61. Qxc3 bxc3 62. Kxc3 h4 63. Kd3 h3 0-1


[Site "https://www.chess.com"]

[Event "Titled Tuesday Blitz April 19 Early 2022"]
[White "Tasev, Dejan"]
[Black "Urazayev, Arystanbek"]
[WhiteFideId "936618"]
[BlackFideId "13709810"]
[WhiteElo "2253"]
[BlackElo "2422"]
[Result "0-1"]
[Round "06"]
[TimeControl "180+1"]
[Date "2022.04.19"]
[WhiteClock "0:00:14"]
[BlackClock "0:00:43"]

1. e4 c5 2. Nf3 d6 3. Nc3 Nc6 4. d4 cxd4 5. Nxd4 Nf6 6. Bc4 e5 7. Nde2 Be6 8. Bb3 Be7 9. Bg5 O-O 10. Bxf6 Bxf6 11. Nd5 Bg5 12. Nec3 Nd4 13. O-O b5 14. Qd3 Rb8 15. Ne2 Nxb3 16. axb3 a5 17. c3 f5 18. f3 Kh8 19. Rfd1 fxe4 20. fxe4 a4 21. Rf1 Qd7 22. b4 Qa7+ 23. Kh1 Rf2 24. Rxf2 Qxf2 25. Qf3 Rf8 26. Qxf2 Rxf2 27. Ng3 Rxb2 28. h3 g6 29. Nc7 Bc4 30. Nf1 h5 31. Nh2 Bf4 32. Nf3 Kg8 33. Ne8 a3 34. Nxd6 a2 35. Nxc4 Rb1+ 0-1


[Site "https://www.chess.com"]

[Event "Titled Tuesday Blitz April 19 Early 2022"]
[White "Todorovic, Bojan"]
[Black "Piliczewski, Bogusz"]
[WhiteFideId "917087"]
[BlackFideId "1104144"]
[WhiteElo "2266"]
[BlackElo "1896"]
[Result "1-0"]
[Round "06"]
[TimeControl "180+1"]
[Date "2022.04.19"]
[WhiteClock "0:00:47"]
[BlackClock "0:00:25"]

1. d4 d5 2. c4 c6 3. Nf3 Nf6 4. e3 e6 5. Nc3 Nbd7 6. b3 Bd6 7. Bb2 O-O 8. Be2 Ne4 9. O-O f5 10. Nxe4 fxe4 11. Ne5 Qg5 12. f4 exf3 13. Bxf3 Nxe5 14. dxe5 Bxe5 15. Bxe5 Qxe3+ 16. Kh1 Qxe5 17. Qd3 Bd7 18. Rae1 Qg5 19. Qd4 b6 20. Re5 Qh6 21. Rfe1 Rf6 22. cxd5 cxd5 23. Bxd5 Re8 24. Bc4 b5 25. Qxd7 bxc4 26. Qxe8+ Rf8 27. Qxe6+ Qxe6 28. Rxe6 cxb3 29. axb3 h6 30. Re8 Rxe8 31. Rxe8+ Kf7 32. Ra8 1-0


[Site "https://www.chess.com"]

[Event "Titled Tuesday Blitz April 19 Early 2022"]
[White "Toncheva, Nadya"]
[Black "Liyanage, Ranindu Dilshan"]
[WhiteFideId "2924056"]
[BlackFideId "9915834"]
[WhiteElo "1884"]
[BlackElo "1858"]
[Result "0-1"]
[Round "06"]
[TimeControl "180+1"]
[Date "2022.04.19"]
[WhiteClock "0:00:02"]
[BlackClock "0:01:09"]

1. e4 c5 2. Nf3 d6 3. d4 cxd4 4. Nxd4 Nf6 5. f3 Nc6 6. c4 g6 7. Be3 Bg7 8. Nc3 O-O 9. Be2 Nxd4 10. Bxd4 a5 11. O-O Bd7 12. Qd2 a4 13. Rac1 Qa5 14. Rfd1 Rfc8 15. Bf1 Be6 16. b3 axb3 17. axb3 Qb4 18. Qc2 Bh6 19. Ra1 Nd7 20. Nd5 Bxd5 21. exd5 Nc5 22. Qf2 Rxa1 23. Bxa1 Qxb3 24. Re1 Ra8 25. Qd4 f6 26. Rxe7 Nd7 27. f4 Ne5 28. c5 dxc5 0-1


[Site "https://www.chess.com"]

[Event "Titled Tuesday Blitz April 19 Early 2022"]
[White "Van den Dikkenberg, Erik"]
[Black "Mikhalsky, Vladimir"]
[WhiteFideId "1005880"]
[BlackFideId "14144352"]
[WhiteElo "2118"]
[BlackElo "2301"]
[Result "1-0"]
[Round "06"]
[TimeControl "180+1"]
[Date "2022.04.19"]
[WhiteClock "0:00:27"]
[BlackClock "0:00:07"]

1. e4 g6 2. d4 Bg7 3. Nc3 d6 4. Bg5 a6 5. Qd2 b5 6. Bd3 Nc6 7. d5 Ne5 8. f4 Nxd3+ 9. cxd3 b4 10. Nce2 Bd7 11. Nf3 c5 12. O-O h6 13. Bh4 Nf6 14. Bxf6 Bxf6 15. e5 Bg7 16. e6 fxe6 17. Nh4 exd5 18. Nxg6 Rg8 19. f5 c4 20. dxc4 Qb6+ 21. Kh1 d4 22. Ng3 Be5 23. Nxe5 dxe5 24. f6 exf6 25. Qxh6 O-O-O 26. Rxf6 Qb7 27. c5 e4 28. c6 Qc7 29. cxd7+ Rxd7 30. Rc6 e3 31. Rac1 d3 32. Qxe3 d2 33. Rxc7+ Rxc7 34. Rxc7+ Kxc7 35. Qxd2 1-0


[Site "https://www.chess.com"]

[Event "Titled Tuesday Blitz April 19 Early 2022"]
[White "Vignesh, N R"]
[Black "Hnydiuk, Aleksander"]
[WhiteFideId "25012215"]
[BlackFideId "1109057"]
[WhiteElo "2363"]
[BlackElo "2374"]
[Result "1-0"]
[Round "06"]
[TimeControl "180+1"]
[Date "2022.04.19"]
[WhiteClock "0:01:58"]
[BlackClock "0:00:09"]

1. c4 Nf6 2. Nc3 g6 3. g3 Bg7 4. Bg2 O-O 5. e3 d6 6. Nge2 e5 7. O-O Nc6 8. Rb1 Bf5 9. d3 Qd7 10. b4 Rae8 11. Re1 h5 12. b5 Nd8 13. a4 h4 14. a5 h3 15. Bh1 e4 16. d4 Bg4 17. Ba3 Qf5 18. b6 axb6 19. axb6 c5 20. Nb5 Re6 21. d5 Bf3 22. Bxf3 Qxf3 23. Nf4 Re5 24. Nxd6 Ng4 25. Qxf3 exf3 26. Bxc5 Bh6 27. Bd4 Re7 28. Nb5 g5 29. Nxh3 Rfe8 30. Nd6 Rf8 31. Nf5 Rd7 32. Nxh6+ Nxh6 33. Nxg5 Nf5 34. Nxf3 f6 35. e4 1-0


[Site "https://www.chess.com"]

[Event "Titled Tuesday Blitz April 19 Early 2022"]
[White "Vlassov, Nikolai"]
[Black "Yanayt, Eugene"]
[WhiteFideId "4103360"]
[BlackFideId "2020165"]
[WhiteElo "2407"]
[BlackElo "2046"]
[Result "1-0"]
[Round "06"]
[TimeControl "180+1"]
[Date "2022.04.19"]
[WhiteClock "0:00:57"]
[BlackClock "0:00:10"]

1. e4 c5 2. c3 g6 3. d4 d5 4. dxc5 dxe4 5. Qxd8+ Kxd8 6. Na3 a5 7. Bf4 f6 8. O-O-O+ Nd7 9. Nc4 e5 10. Nb6 Rb8 11. Bb5 exf4 12. Bxd7 Bxd7 13. Nxd7 Rc8 14. Nxf8+ Ke7 15. Nd7 Nh6 16. Ne2 g5 17. b4 Nf5 18. Nb6 Rcd8 19. Rhe1 e3 20. Nd4 Nxd4 21. cxd4 axb4 22. fxe3 fxe3 23. Rxe3+ Kf7 24. d5 Rhe8 25. Rxe8 Rxe8 26. c6 bxc6 27. dxc6 Re6 28. Rd7+ Ke8 29. Rc7 Re3 30. Nd5 Re4 31. Nxf6+ Kd8 32. Rd7+ 1-0


[Site "https://www.chess.com"]

[Event "Titled Tuesday Blitz April 19 Early 2022"]
[White "Vokhidov, Shamsiddin"]
[Black "Kobo, Ori"]
[WhiteFideId "14204223"]
[BlackFideId "2812320"]
[WhiteElo "2611"]
[BlackElo "2420"]
[Result "1-0"]
[Round "06"]
[TimeControl "180+1"]
[Date "2022.04.19"]
[WhiteClock "0:00:15"]
[BlackClock "0:00:01"]

1. e4 e6 2. d4 d5 3. Nc3 Nf6 4. Bg5 dxe4 5. Nxe4 Be7 6. Nxf6+ Bxf6 7. Bxf6 Qxf6 8. Nf3 c5 9. Bb5+ Bd7 10. Qe2 O-O 11. O-O-O cxd4 12. Bxd7 Nxd7 13. Rxd4 Nc5 14. Rhd1 Rac8 15. Ne5 Rc7 16. f4 Rfc8 17. R1d2 h6 18. g3 a6 19. Qd1 Kh7 20. c3 b5 21. Rd8 b4 22. c4 Qf5 23. Rxc8 Rxc8 24. Qc2 Qxc2+ 25. Kxc2 f6 26. Nf3 Kg6 27. Rd6 a5 28. b3 Kf7 29. Nd4 g5 30. f5 exf5 31. Nxf5 h5 32. Rd5 Rc7 33. Nd6+ Kg6 34. Kd2 a4 35. Nb5 Rc6 36. Nd4 Rc8 37. bxa4 Nxa4 38. Kc2 Nb6 39. Rb5 Rxc4+ 40. Kd3 Rc3+ 41. Ke4 Nc4 42. Rxb4 Ne5 43. a4 Ra3 44. Kd5 Ra2 45. h4 Ra3 46. Nb5 Rxg3 47. a5 1-0


[Site "https://www.chess.com"]

[Event "Titled Tuesday Blitz April 19 Early 2022"]
[White "Vusatiuk, Vladimir"]
[Black "Gabrielian, Artur"]
[WhiteFideId "14118610"]
[BlackFideId "4131002"]
[WhiteElo "2157"]
[BlackElo "2440"]
[Result "0-1"]
[Round "06"]
[TimeControl "180+1"]
[Date "2022.04.19"]
[WhiteClock "0:00:01"]
[BlackClock "0:00:30"]

1. a3 Nf6 2. Nc3 d5 3. d4 g6 4. Bg5 Bg7 5. e3 O-O 6. Nf3 Nbd7 7. Be2 c5 8. Bxf6 Nxf6 9. dxc5 Qc7 10. O-O Qxc5 11. Qd4 Qxd4 12. exd4 Bf5 13. Rac1 Rac8 14. Ne5 a6 15. g4 Be6 16. Bf3 Bh6 17. Rcd1 Bf4 18. Rfe1 Rfd8 19. h4 h6 20. Nxg6 fxg6 21. Rxe6 Kf7 22. Rde1 Rc7 23. R6e2 g5 24. Kg2 gxh4 25. Kh3 Bg5 26. Re5 Bd2 27. Nxd5 Rxd5 28. Bxd5+ Nxd5 29. Rd1 Nf4+ 30. Kh2 Rxc2 31. Rxd2 Rxd2 32. Rf5+ Kg6 33. Rxf4 Rd3 34. Re4 Kf6 35. Rf4+ Ke6 36. Re4+ Kd6 37. Rf4 e6 38. Rf6 Rxd4 39. Kh3 Ke5 40. Rxh6 Rd2 41. f3 Rxb2 42. Kxh4 b5 43. Kg5 Rf2 44. f4+ Kd5 45. f5 exf5 46. gxf5 a5 47. Ra6 a4 48. Kf6 Kc4 49. Ra7 Rf3 50. Ke5 Rxa3 51. f6 Rf3 52. f7 Kb3 53. Ke6 b4 54. Rd7 Re3+ 55. Kd6 Rf3 56. Ke6 a3 57. Rd3+ Rxd3 58. f8=Q a2 59. Qf1 Rd2 60. Qf4 Re2+ 0-1


[Site "https://www.chess.com"]

[Event "Titled Tuesday Blitz April 19 Early 2022"]
[White "Wagner, Dennis"]
[Black "Orlov, Georgi"]
[WhiteFideId "24650684"]
[BlackFideId "2011271"]
[WhiteElo "2355"]
[BlackElo "2527"]
[Result "0-1"]
[Round "06"]
[TimeControl "180+1"]
[Date "2022.04.19"]
[WhiteClock "0:00:11"]
[BlackClock "0:00:19"]

1. c4 Nf6 2. g3 e5 3. Bg2 Nc6 4. Nc3 Bb4 5. Nd5 a5 6. e3 O-O 7. Ne2 Nxd5 8. cxd5 Ne7 9. a3 Bc5 10. d4 exd4 11. Nxd4 d6 12. O-O a4 13. e4 f5 14. Be3 fxe4 15. Bxe4 Ng6 16. Qh5 Qf6 17. Rad1 Qe5 18. Bxg6 hxg6 19. Qxg6 Qxd5 20. Nb5 Qc6 21. Bxc5 Bh3 22. f3 Qxc5+ 23. Rf2 Qxb5 24. g4 Qc5 25. Qe6+ Kh8 26. Qd5 Rf4 27. Qxc5 dxc5 28. Rd5 g6 29. Rxc5 Rd8 30. Rc1 Rd3 31. Re1 c6 32. g5 Rdxf3 33. Rxf3 Rxf3 34. Rd1 Kg8 35. Re1 Kf7 36. Rd1 c5 37. Re1 b5 38. Rd1 b4 39. axb4 cxb4 40. Ra1 a3 41. bxa3 bxa3 42. Rd1 Rf1+ 43. Rxf1+ Bxf1 44. Kf2 a2 45. Kg3 a1=Q 46. Kh4 Qd4+ 47. Kg3 Qe3+ 48. Kh4 Qh3# 0-1


[Site "https://www.chess.com"]

[Event "Titled Tuesday Blitz April 19 Early 2022"]
[White "Weetik, Vjacheslav"]
[Black "Dobre, Claudiu-Cristian"]
[WhiteFideId "4153472"]
[BlackFideId "1211854"]
[WhiteElo "2469"]
[BlackElo "2207"]
[Result "1-0"]
[Round "06"]
[TimeControl "180+1"]
[Date "2022.04.19"]
[WhiteClock "0:00:08"]
[BlackClock "0:00:02"]

1. d4 d5 2. Bf4 Nf6 3. e3 e6 4. Nd2 c5 5. c3 Bd6 6. Bxd6 Qxd6 7. Bd3 Nc6 8. f4 cxd4 9. cxd4 O-O 10. Ngf3 b6 11. a3 a5 12. Qe2 a4 13. O-O Bb7 14. Ne5 Ne7 15. Qf3 Ba6 16. Bxa6 Rxa6 17. g4 Raa8 18. f5 Nd7 19. Qg3 f6 20. Nd3 Qxg3+ 21. hxg3 e5 22. Nb4 Rfc8 23. Rac1 Kf7 24. Nb1 exd4 25. exd4 h5 26. Rxc8 Rxc8 27. gxh5 Rc4 28. Nc3 Rxd4 29. Nxa4 Rd2 30. Rf2 Rd1+ 31. Kg2 Ne5 32. Nxb6 d4 33. Na4 Ng4 34. Rf4 Ne3+ 35. Kf2 N3xf5 36. Nc5 Rd2+ 37. Kf3 Rxb2 38. g4 Nh4+ 39. Kg3 g5 40. Rxd4 Rg2+ 41. Kh3 Rg1 42. Nbd3 Nc6 43. Rd7+ Ke8 44. h6 Rh1+ 45. Kg3 Ng6 46. h7 Nce5 47. Rg7 1-0


[Site "https://www.chess.com"]